 Dungeon Crawl Stone Soup version 0.18-a0-1160-geb89fc2 (webtiles) character file.

950 Gorice the Basher (level 8, 0/70 HPs)
             Began as a Ghoul Wanderer on Jan 24, 2016.
             Slain by an ogre
             ... wielding a +0 giant club
              (17 damage)
             ... on level 4 of the Dungeon.
             The game lasted 00:18:45 (4231 turns).

Gorice the Basher (Ghoul Wanderer)                  Turns: 4231, Time: 00:18:45

Health: 0/70       AC:  6    Str: 17    XL:     8   Next: 13%
Magic:  0/7        EV: 10    Int:  9    God:
Gold:   154        SH:  4    Dex:  7    Spells: 0 memorised, 7 levels left

rFire  . . .     SeeInvis .     a - +0 whip (freeze)
rCold  + . .     Gourm    .     x - +1 ring mail
rNeg   + + +     Faith    .     c - +0 buckler
rPois  ∞         Spirit   +     (no helmet)
rElec  .         Dismiss  .     (no cloak)
rCorr  .         Reflect  .     (no gloves)
SustAt .         Harm     .     (no boots)
MR     .....                    q - amulet of guardian spirit
Stlth  ..........               (no ring)
                                (no ring)

@: rotting, not resistant to hostile enchantments, extremely unstealthy
A: rotting body, claws 1, carnivore 3, cold resistance 1, negative energy
resistance 3, slow regeneration 1, torment resistance, unbreathing
a: no special abilities


You were on level 4 of the Dungeon.
You were not hungry.

You visited 1 branch of the dungeon, and saw 5 of its levels.

You collected 154 gold pieces.

Inventory:

Hand Weapons
 a - a +0 whip of freezing (weapon)
   (You took it off Pikel on level 3 of the Dungeon)
 b - a +0 hunting sling
 d - a +0 club
 g - a +1 short sword
 i - a +0 flail
 r - a +1 hand axe of flaming
   (You found it on level 3 of the Dungeon)
 w - a +0 spear
Missiles
 o - 10 sling bullets
 Z - 101 stones (quivered)
Armour
 c - a +0 buckler (worn)
 x - a +1 ring mail (worn)
Jewellery
 k - an uncursed ring of ice
 q - an amulet of guardian spirit (around neck)
Wands
 m - a wand of flame (32/48)
Scrolls
 e - 2 scrolls of enchant armour
 j - 2 scrolls of recharging
 t - a scroll of fog
Potions
 h - 3 potions of brilliance {!q}
 l - a potion of agility {!q}
Comestibles
 f - 2 meat rations {!e}
 u - a slice of pizza


   Skills:
 + Level 6.0 Fighting
 - Level 11.3 Maces & Flails
   Level 1.7 Crossbows
 + Level 4.2 Armour
 + Level 3.6 Shields
 - Level 1.0 Evocations


You had 7 spell levels left.
You didn't know any spells.

Dungeon Overview and Level Annotations

Branches:
Dungeon (5/15)
 Temple: D:4-7

Altars:
Fedhas
Sif Muna
Yredelemnul

Annotations:
D:4 pUX: tough...


Innate Abilities, Weirdness & Mutations

Your body is rotting away.
You thrive on raw meat.
You are immune to poison.
You have sharp fingernails.
You are carnivorous and can eat meat at any time.
Your flesh is cold resistant.
You are immune to negative energy.
You regenerate slowly when monsters are visible.
You are immune to unholy pain and torment.
You can survive without breathing.


Message History

You block Pikel's attack.
You hit Pikel.
You kill Pikel!
Your Fighting skill increases to level 6!
Your Armour skill increases to level 4!
You have reached level 8!
Items here: )) [ † a whip of freezing; a robe; a dagger; a goblin corpse You butcher the goblin corpse.
g - a chunk of flesh
Things that are here:
a whip of freezing; a robe; a dagger Eat a chunk of flesh? (ye/n/q/i?) This raw flesh tastes great!
You continue eating. x2
Wield which item (- for none, * to show all)? (? for menu, Esc to quit)
Okay, then.
g - a whip of freezing Wield which item (- for none, * to show all)? (? for menu, Esc to quit)
It glows with a cold blue light!
g - a +0 whip of freezing (weapon)
Adjust (i)tems, (s)pells, or (a)bilities?
Adjust which item? (? for menu, Esc to quit)
g - a +0 whip of freezing (weapon)
Adjust to which letter? (? for menu, Esc to quit)
a - a +0 whip of freezing (weapon);
g - a +1 short sword Done exploring.
Done exploring.
You see here an animal skin.
There is a stone staircase leading down here.
You climb downwards.
Level annotation: pUX: tough...
The ogre hits you with a giant club!!
There is a stone staircase leading up here.
Damage: 18 (max 18) Unknown command.
You closely miss the ogre. The ogre hits you with a giant club.
Damage: 4 (max 18)
You barely miss the ogre. You whack the ogre! You freeze the ogre.
The ogre is heavily wounded.
The ogre hits you with a giant club!
* * * LOW HITPOINT WARNING * * *
Damage: 10 (max 18)
You barely miss the ogre.
The ogre is heavily wounded.
You barely miss the ogre.
The ogre is heavily wounded.
The ogre hits you with a giant club!!
You die...

#....##....##...###
#..........#....##
#..........#.....#
##...##....'.....#
##.>.##....#.....#
#....##+######..##
#....## #..#
#.....# ....#
##@O.## ....#
##...# ....# #..p.#
..## #....######
#.........#
##...##...#
#...##...#
#....##'######+##
#....#.O.....#..###


You could see an ogre and a neutral freed slave (wandering).

Vanquished Creatures
  Pikel (D:3)
  A slave (D:3)
  2 hounds (D:4)
  An iguana (D:4)
  A worker ant (D:4)
  A killer bee zombie (D:5)
  4 gnolls (D:3)
  3 adders (D:2)
  An ooze (D:3)
  A worm (D:4)
  6 giant geckos
  An orc (D:3)
  4 giant cockroaches
  7 goblins
  5 hobgoblins
  A quokka (D:2)
  A ball python (D:2)
  9 bats
  A giant gecko skeleton (D:5)
  5 giant newts
  5 kobolds
  6 rats
67 creatures vanquished.

Notes
Turn   | Place    | Note
--------------------------------------------------------------
     0 | D:1      | Gorice the Ghoul Wanderer began the quest for the Orb.
     0 | D:1      | Gorice set off with: a wand of flame (15/48), a +0 ring mail, a +0 buckler, a +0 club, a meat ration {!e}
     0 | D:1      | Reached XP level 1. HP: 22/22 MP: 0/0
   152 | D:1      | Reached skill level 2 in Armour
   268 | D:1      | Reached XP level 2. HP: 28/28 MP: 1/1
  1146 | D:2      | Reached XP level 3. HP: 28/33 MP: 2/2
  1181 | D:2      | Reached skill level 2 in Shields
  1455 | D:2      | Found a deep blue altar of Sif Muna.
  1569 | D:2      | Reached XP level 4. HP: 22/40 MP: 3/3
  2133 | D:3      | Found a blossoming altar of Fedhas.
  2424 | D:3      | Found a basalt altar of Yredelemnul.
  2613 | D:3      | Reached skill level 5 in Fighting
  2840 | D:3      | Reached skill level 3 in Armour
  2859 | D:3      | Reached XP level 5. HP: 26/48 MP: 2/4
  3088 | D:4      | Noticed a slave
  3089 | D:4      | Noticed a slave
  3091 | D:4      | Noticed a slave
  3131 | D:3      | Killed a slave
  3348 | D:4      | Reached skill level 3 in Shields
  3385 | D:4      | Noticed an ogre
  3471 | D:4      | HP: 9/48 [iguana (9)]
  3473 | D:4      | Reached XP level 6. HP: 7/56 MP: 1/5
  3761 | D:5      | Entered Level 5 of the Dungeon
  3929 | D:5      | Noticed a sky beast
  3991 | D:5      | HP: 14/56 [giant frog zombie (5)]
  4108 | D:4      | Noticed Pikel
  4167 | D:3      | HP: 14/55 [Pikel/whip of freezing (4)]
  4188 | D:3      | Reached skill level 11 in Maces & Flails
  4188 | D:3      | Reached XP level 7. HP: 39/61 MP: 3/6
  4201 | D:3      | Killed Pikel
  4201 | D:3      | Reached skill level 6 in Fighting
  4201 | D:3      | Reached skill level 4 in Armour
  4201 | D:3      | Reached XP level 8. HP: 37/70 MP: 3/7
  4229 | D:4      | HP: 17/70 [ogre/giant club (10)]
  4231 | D:4      | Slain by an ogre

Vault maps used:
D:1:      sevenhm_arrival_forest_fort_large_2, serial_corexii_hall,
          corexii_hall_statues_i, corexii_hall_statues_i
D:2:      led_sif_pool, serial_forest, infiniplex_forest_clump_large,
          infiniplex_forest_fountain, infiniplex_forest_end_2,
          infiniplex_forest_zigzag_1
D:3:      yredelemnul_altar_generic, fedhas_altar_2
D:4:      kennysheep_the_goblin_king, uniq_duvessa, uniq_pikel
D:5:      minmay_temple_entry_statues, first_bread, guppyfry_shop_venom,
          uniq_grinder

Action                   |  1- 3 |  4- 6 |  7- 9 || total
-------------------------+-------+-------+-------++-------
Melee: Club              |    81 |       |       ||    81
       Short sword       |   100 |   238 |       ||   338
       Flail             |       |       |    13 ||    13
       Whip              |       |       |     5 ||     5
 Fire: Hunting sling     |       |    43 |       ||    43
Throw: Stone             |     5 |     4 |       ||     9
Evoke: Wand              |       |    12 |       ||    12
  Use: Scroll            |     7 |     8 |       ||    15
       Potion            |       |     4 |       ||     4
  Eat: Chunk             |    15 |    24 |     1 ||    40

Table legend:
 A = Turns spent in this place as a percentage of turns spent in the entire game.
 B = Non-inter-level travel turns spent in this place as a percentage of non-inter-level travel turns spent in the entire game.
 C = Inter-level travel turns spent in this place as a percentage of turns spent in this place.
 D = Turns resting spent in this place as a percentage of non-inter-level travel turns spent in this place.
 E = Turns spent auto-exploring this place as a percentage of non-inter-level travel turns spent in this place.
 F = Non-inter-level travel turns spent in this place divided by the number of levels of this place that you've seen.
                   A       B       C       D       E      F
               +-------+-------+-------+-------+-------+----------------------
         Total | 100.0 | 100.0 |   0.4 |   0.9 |   4.7 | 324.0
       Dungeon | 100.0 | 100.0 |   0.4 |   0.9 |   4.7 | 324.0
               +-------+-------+-------+-------+-------+----------------------

Vault maps used:
D:1:      sevenhm_arrival_forest_fort_large_2, serial_corexii_hall,
          corexii_hall_statues_i, corexii_hall_statues_i
D:2:      led_sif_pool, serial_forest, infiniplex_forest_clump_large,
          infiniplex_forest_fountain, infiniplex_forest_end_2,
          infiniplex_forest_zigzag_1
D:3:      yredelemnul_altar_generic, fedhas_altar_2
D:4:      kennysheep_the_goblin_king, uniq_duvessa, uniq_pikel
D:5:      minmay_temple_entry_statues, first_bread, guppyfry_shop_venom,
          uniq_grinder
